cohdb
Replays
Latest Replays
All Replays
Popular Replays
Top Player Replays
Match Explorer
How It Works
Community
CoH3 Stats
Reddit
Sign in to upload your games and track your stats! →
Sign in with Steam
Match 41528009
Unlisted
Match 41528009
Overview
Messages
Build Orders
End
Kradschützen Motorcycle Team
Panzergrenadier Squad
Panzergrenadier Squad
Construct Light Support Kompanie
Assault Grenadier Squad
MG34 Team
Fire Support Elements
Flakvierling Half-track
Selects Panzerjäger Kommand Battlegroup
Selects Tank Busters
Panzerjäger Mechanized Group
Selects Crew Shock Tactics
Construct Panzerarmee Kommand
le.IG 18 Support Gun Team
Walking Stuka Rocket Launcher
Panzer III L Medium Tank
Panzergrenadier Squad
2.5-tonne Medical Truck
Panzergrenadier Squad
Panzergrenadier Squad
Selects Elefant Tank Destroyer
Panzerjäger Mechanized Group
Grand.G
barti06
0
0
Comments
sign in to comment!
No comments posted yet!